 Dungeon Sprint DCSS version 0.30-a0-777-ga9a30cbeda (webtiles) character file.

Game seed: 6201832119477848653

2300000 sircluck the Formicid Barricade (level 19, -144/189 HPs)
             Began as a Formicid Fighter on Feb 13, 2023.
             Annihilated by a destroyer
             ... wielding a +9 heavy great sword
              (157 damage)
             ... in the Dungeon (Sprint VIII: "Arena of Blood").
             The game lasted 00:01:07 (23 turns).

sircluck the Formicid Barricade (Formicid Fighter)    Turns: 23, Time: 00:01:07

Health: -144/189   AC: 13    Str: 27    XL:     19   Next: 51%
Magic:  18/31      EV: 14    Int: 10    God:
Gold:   0          SH: 11    Dex: 13    Spells: 34/34 levels left

rFire   . . .      SeeInvis +    i - +∞ Axe of Woe
rCold   . . .      Faith    .    c - +0 buckler
rNeg    . . .      Spirit   .    b - +0 scale mail
rPois   .          Reflect  .    (helmet unavailable)
rElec   .          Harm     .    (no cloak)
rCorr   .          Rampage  .    (no gloves)
Will    +....                    (no boots)
Stlth   +++                      (no amulet)
HPRegen 0.51/turn                (no ring)
MPRegen 0.22/turn                (no ring)

@: no status effects
A: permanent stasis, dig shafts and tunnels, antennae 3, four strong arms
a: Dig


You were in the Dungeon.
You visited 1 branch

Inventory:

Hand Weapons
 a - a +0 war axe
 i - the +∞ Axe of Woe (weapon)
   (You found it in the Dungeon)
Armour
 b - a +0 scale mail (worn)
 c - a +0 buckler (worn)
Scrolls
 h - a scroll of blinking
Potions
 d - a potion of might
 e - a potion of curing
 f - a potion of heal wounds
 g - 2 potions of magic


   Skills:
 O Level 27 Fighting
 + Level 8.3(9.9) Short Blades
 + Level 8.4(10.0) Long Blades
 O Level 27 Axes
 + Level 8.3(20.1) Maces & Flails
 + Level 8.3(20.1) Polearms
 + Level 8.3(11.2) Staves
 + Level 8.3 Ranged Weapons
 + Level 8.3 Throwing
 O Level 27 Armour
 + Level 7.6 Dodging
 + Level 10.9 Stealth
 O Level 27 Shields
 + Level 8.4 Unarmed Combat
 + Level 8.3 Spellcasting
 + Level 7.6 Conjurations
 + Level 11.1 Hexes
 + Level 8.4 Summonings
 + Level 8.3 Necromancy
 + Level 7.6 Translocations
 + Level 9.1 Transmutations
 + Level 8.3 Fire Magic
 + Level 8.4 Ice Magic
 + Level 6.9 Air Magic
 + Level 10.0 Earth Magic
 + Level 12.1 Poison Magic
 + Level 11.1 Invocations
 + Level 10.2 Evocations


You had 34 spell levels left.
You didn't know any spells.
Your spell library was empty.

Dungeon Overview and Level Annotations

Branches:
Dungeon (1/1)

Altars:
Makhleb


Innate Abilities, Weirdness & Mutations

You cannot be hasted, slowed, berserked, paralysed or teleported.
You can dig through walls and to a lower floor.
You have a pair of large antennae on your head. (SInv)
Your four strong arms can wield two-handed weapons with a shield.


Message History

The bag of meat is engulfed in blazing flames.
You hear a shout! x4
A meat berserker comes into view. It is wielding a +9 battleaxe.
You hear a shout!
The destroyer casts a spell at you.
The destroyer blinks!
You hear a shout! x3
Your base Short Blades skill increases to level 8!
Your base Long Blades skill increases to level 8!
Your base Maces & Flails skill increases to level 8!
Your base Polearms skill increases to level 8!
Your base Staves skill increases to level 8!
Your Ranged Weapons skill increases to level 8!
Your Throwing skill increases to level 8!
Your Unarmed Combat skill increases to level 8!
Your Spellcasting skill increases to level 8!
Your Hexes skill increases to level 11!
Your Summonings skill increases to level 8!
Your Necromancy skill increases to level 8!
Your Transmutations skill increases to level 9!
Your Fire Magic skill increases to level 8!
Your Ice Magic skill increases to level 8!
Your Earth Magic skill increases to level 10!
Your Poison Magic skill increases to level 12!
Your Invocations skill increases to level 11!
Your Evocations skill increases to level 10!
The large bag of meat appears out of thin air!
A large bag of meat comes into view. It is wielding a +9 giant spiked club.
You hear a shout! x2
The destroyer points at you and mumbles some strange words.
The destroyer blinks!
You hear a shout! x4
The destroyer is engulfed in blazing flames.
The destroyer hits you with a +9 heavy great sword!!!
* * * LOW HITPOINT WARNING * * *
The destroyer closely misses you.
The bag of meat is engulfed in blazing flames. x2
The destroyer hits you with a +9 heavy great sword!!!!!
Ouch! That really hurt!
You die...

.......#_.<._# .
.#.......#.V...#..
...#........_......
.........O)###......
......###)).....###..
....§...#)))O...# .
..O.....#o§)....#
....V.V.o○§)......
.#..O.@Voo..§....
#........o.......
#.#..............#
#.....#....§...#.
................#
......##.#.......
...O.. ..........
..#### ..#....


You could see 4 destroyers, a large bag of meat (wandering, inner flame), 3 meat
berserkers and 5 bags of meat.

Vanquished Creatures
  5 ogres (D)
  A two-headed ogre (D)
  19 orcs (D)
25 creatures vanquished.

Notes
Turn   | Place    | Note
-------+----------+-------------------------------------------
     0 | D        | Found the +∞ Axe of Woe
     0 | D        | sircluck the Formicid Fighter began the quest for the Orb.
     0 | D        | Reached XP level 1. HP: 18/18 MP: 1/1
     1 | D        | Noticed a meat berserker
     3 | D        | Killed a meat berserker
     3 | D        | Noticed a bag of meat
     4 | D        | Reached skill level 10 in Axes
     4 | D        | Reached XP level 2. HP: 49/49 MP: 2/2
     4 | D        | Reached XP level 3. HP: 55/55 MP: 3/3
     4 | D        | Reached XP level 4. HP: 63/63 MP: 4/4
     4 | D        | Reached XP level 5. HP: 69/69 MP: 5/5
     4 | D        | Reached XP level 6. HP: 76/76 MP: 6/6
     4 | D        | Reached XP level 7. HP: 83/83 MP: 7/7
     4 | D        | Reached XP level 8. HP: 90/90 MP: 8/8
     4 | D        | Reached XP level 9. HP: 96/96 MP: 9/9
     4 | D        | Reached XP level 10. HP: 104/104 MP: 10/10
     4 | D        | Reached XP level 11. HP: 110/110 MP: 11/11
     4 | D        | Reached XP level 12. HP: 117/117 MP: 12/12
     4 | D        | Noticed a bag of meat
     4 | D        | Noticed a bag of meat
     5 | D        | Noticed a meat berserker
     5 | D        | Noticed a bag of meat
     6 | D        | Noticed a bag of meat
     7 | D        | Noticed a bag of meat
     7 | D        | Noticed a bag of meat
     7 | D        | Noticed a bag of meat
     7 | D        | Noticed a meat berserker
     7 | D        | Noticed a bag of meat
     8 | D        | Noticed a bag of meat
     8 | D        | Noticed a bag of meat
     9 | D        | Killed a meat berserker
     9 | D        | Noticed a bag of meat
     9 | D        | Noticed a bag of meat
     9 | D        | Noticed a meat berserker
    10 | D        | Reached XP level 13. HP: 130/130 MP: 13/13
    10 | D        | Killed a bag of meat
    10 | D        | Killed a bag of meat
    10 | D        | Killed a meat berserker
    10 | D        | Noticed a bag of meat
    10 | D        | Noticed a bag of meat
    11 | D        | Reached skill level 15 in Axes
    11 | D        | Reached XP level 14. HP: 146/146 MP: 14/14
    11 | D        | Reached XP level 15. HP: 153/153 MP: 15/15
    13 | D        | Reached skill level 27 in Fighting
    13 | D        | Reached skill level 27 in Shields
    13 | D        | Noticed a meat berserker
    14 | D        | Reached skill level 27 in Armour
    14 | D        | Reached XP level 16. HP: 141/167 MP: 16/16
    14 | D        | Killed a meat berserker
    15 | D        | Reached skill level 27 in Axes
    15 | D        | Reached XP level 17. HP: 147/174 MP: 17/17
    15 | D        | Noticed a large bag of meat
    17 | D        | Reached skill level 5 in Stealth
    17 | D        | Reached skill level 5 in Hexes
    17 | D        | Reached skill level 5 in Invocations
    17 | D        | Reached skill level 5 in Evocations
    17 | D        | Noticed a destroyer
    18 | D        | Reached skill level 5 in Short Blades
    18 | D        | Reached skill level 5 in Long Blades
    18 | D        | Reached skill level 5 in Maces & Flails
    18 | D        | Reached skill level 5 in Polearms
    18 | D        | Reached skill level 5 in Staves
    18 | D        | Reached skill level 5 in Ranged Weapons
    18 | D        | Reached skill level 5 in Throwing
    18 | D        | Reached skill level 5 in Dodging
    18 | D        | Reached skill level 5 in Unarmed Combat
    18 | D        | Reached skill level 5 in Spellcasting
    18 | D        | Reached skill level 5 in Conjurations
    18 | D        | Reached skill level 5 in Summonings
    18 | D        | Reached skill level 5 in Necromancy
    18 | D        | Reached skill level 5 in Translocations
    18 | D        | Reached skill level 5 in Fire Magic
    18 | D        | Reached skill level 5 in Ice Magic
    18 | D        | Reached XP level 18. HP: 156/182 MP: 17/26
    18 | D        | Noticed a destroyer
    19 | D        | Reached skill level 5 in Air Magic
    19 | D        | Killed a meat berserker
    19 | D        | Noticed a meat berserker
    19 | D        | Noticed a meat berserker
    20 | D        | Reached skill level 10 in Stealth
    20 | D        | Reached skill level 10 in Hexes
    20 | D        | Reached skill level 10 in Invocations
    20 | D        | Reached XP level 19. HP: 102/189 MP: 17/30
    20 | D        | Noticed a destroyer
    21 | D        | Noticed a meat berserker
    21 | D        | Noticed a destroyer
    22 | D        | Killed a large bag of meat
    22 | D        | Noticed a meat berserker
    23 | D        | Reached skill level 10 in Earth Magic
    23 | D        | Reached skill level 10 in Evocations
    23 | D        | Annihilated by a destroyer

Illustrated notes

Levels and vault maps discovered:
D:        meatsprint

Skill      XL: |  1  2  3  4  5  6  7  8  9 10 11 12 13 14 15 16 17 18 19 |
---------------+----------------------------------------------------------+-----
Fighting       | 18 21 24 27 | 27.0
Axes           | 10 12 15 21 27 | 27.0
Armour         | 18 20 23 27 | 27.0
Shields        | 20 23 26 27 | 27.0
Short Blades   | 5 7 8 |  8.3
Long Blades    | 5 7 8 |  8.4
Maces & Flails | 5 7 8 |  8.3
Polearms       | 5 7 8 |  8.3
Staves         | 5 7 8 |  8.3
Ranged Weapons | 5 7 8 |  8.3
Throwing       | 5 7 8 |  8.3
Dodging        | 5 7 |  7.6
Stealth        | 7 10 | 10.9
Unarmed Combat | 5 7 8 |  8.4
Spellcasting   | 5 7 8 |  8.3
Conjurations   | 5 7 |  7.6
Hexes          | 7 10 11 | 11.1
Summonings     | 5 7 8 |  8.4
Necromancy     | 5 7 8 |  8.3
Translocations | 5 7 |  7.6
Transmutations | 6 8 9 |  9.1
Fire Magic     | 5 7 8 |  8.3
Ice Magic      | 5 7 8 |  8.4
Air Magic      | 4 6 |  6.9
Earth Magic    | 6 9 10 | 10.0
Poison Magic   | 8 11 12 | 12.1
Invocations    | 7 10 11 | 11.1
Evocations     | 6 9 10 | 10.2

Action                     |  1- 3 |  4- 6 |  7- 9 | 10-12 | 13-15 | 16-18 | 19-21 || total
---------------------------+-------+-------+-------+-------+-------+-------+-------++-------
  Melee: Executioner's axe |     1 |       |       |     1 |     3 |     5 |     1 ||    11
  Dodge: Dodged            |       |       |       |       |       |       |     1 ||     1
  Block: Buckler           |       |       |       |       |     1 |       |       ||     1

Table legend: (Time is in decaauts)
 A = Elapsed time spent in this place.
 B = Non-inter-level travel time spent in this place.
 C = Inter-level travel time spent in this place.
 D = Time resting spent in this place.
 E = Time spent auto-exploring this place.
 F = Levels seen in this place.
 G = Mean time per level.
                   A        B        C        D        E       F      G
               +--------+--------+--------+--------+--------+-----+--------+
         Total |     22 |     22 |      0 |      0 |      0 |   1 |   22.0 |
       Dungeon |     22 |     22 |      0 |      0 |      0 |   1 |   22.0 |
               +--------+--------+--------+--------+--------+-----+--------+

Top non-repeatable levels by time:
       D: 22 daAuts
